 Dungeon Crawl Stone Soup version 0.23-a0-612-gcb482e9 (webtiles) character file.

353 Lavandula the Cutter (level 6, -2/36 HPs)
             Began as a Halfling Enchanter on Dec 21, 2018.
             Slain by a hornet (11 damage)
             ... on level 4 of the Dungeon.
             The game lasted 00:12:39 (3036 turns).

Lavandula the Cutter (Halfling Enchanter)           Turns: 3036, Time: 00:12:40

Health: -2/36      AC:  5    Str:  9    XL:     6   Next: 94%
Magic:  1/8        EV: 15    Int: 15    God:
Gold:   161        SH:  0    Dex: 15    Spells: 2/8 levels left

rFire    . . .     SeeInvis .   j - +2 dagger (pain)
rCold    . . .     Gourm    .   (shield restricted)
rNeg     . . .     Faith    .   q - +0 animal skin
rPois    .         Spirit   .   t - +0 helmet
rElec    .         Reflect  .   v - +1 cloak
rCorr    .         Harm     .   (no gloves)
MR       .....                  (no boots)
Stlth    ++........             (no amulet)
HPRegen  0.12/turn              (no ring)
MPRegen  0.11/turn              (no ring)

@: lethally poisoned (-2 -> -19), very slightly contaminated
A: small, mutation resistance 1
a: no special abilities


You were on level 4 of the Dungeon.
You were not hungry.

You visited 1 branch of the dungeon, and saw 4 of its levels.

You collected 161 gold pieces.

Inventory:

Hand Weapons
 a - a +1 dagger
 j - a +2 dagger of pain (weapon)
 k - a +0 hunting sling
Missiles
 p - 3 tomahawks (quivered)
Armour
 q - a +0 animal skin (worn)
 t - a +0 helmet (worn)
 v - a +1 cloak (worn)
Wands
 h - a wand of polymorph (4)
Scrolls
 c - a scroll of fear {unknown}
 e - a scroll of enchant weapon
 g - a scroll of remove curse
 u - a scroll of enchant armour {unknown}
Potions
 f - 2 potions of brilliance
 i - 5 potions of flight
 m - a potion of mutation {unknown}
 n - a potion of cancellation {unknown}
 o - a potion of ambrosia {unknown}
 r - a potion of agility
 s - a potion of curing
Comestibles
 d - 7 rations


   Skills:
 + Level 7.9 Short Blades
 - Level 2.1 Dodging
 - Level 3.2 Stealth
 - Level 1.5 Spellcasting
 - Level 2.4 Hexes


You had 2 spell levels left.
You knew the following spells:

 Your Spells              Type           Power        Failure   Level  Hunger
a - Corona                Hex            #......      9%          1    ##.....
b - Ensorcelled Hibernat  Hex/Ice        #.....       22%         2    ###....
c - Confuse               Hex            #.......     26%         3    ####...

Your spell library contained the following spells:

 Spells                   Type           Power        Failure   Level  Hunger
 Tukima's Dance           Hex            #.......     26%         3    ####...
 Dazzling Spray           Conj/Hex       #.....       38%         3    ####...


Dungeon Overview and Level Annotations

Branches:
Dungeon (4/15)
 Temple: D:4-7

Altars:


Innate Abilities, Weirdness & Mutations

You are small and have problems with some larger weapons.
You are somewhat resistant to further mutation.


Message History

You feel better. The hornet barely misses you. The hornet stings you.
You are poisoned.
You suddenly lose the ability to move!
A hound comes into view.
You feel yourself speed up.
You feel sick. The hornet stings you!
You are lethally poisoned!
You feel yourself slow down.
The hornet stings you but does no damage.
You feel sick. The hornet barely misses you.
You can move again.
Evoke which item? (* to show all) (? for menu, Esc to quit)
Okay, then.
As you read the scroll labeled MAIBLALITI, it crumbles to dust.
The scroll dissolves into smoke.
It was a scroll of fog.
You feel yourself speed up.
* * * LOW HITPOINT WARNING * * *
You feel very sick. The hornet barely misses you. The hornet stings you!
You die...

... ... ... # #.#.#
##.#. .h. #o# #y# #@#
########§# #......#§#
#...##.#.####
###.#.........#########
#.....##.#.##.........#
#.#.####....#########.#
#.#.# #.....# ###.####
#####.#.####....##
#......#


You could see a hornet and an orc.

Vanquished Creatures
  A centaur zombie (D:3)
  2 centaur skeletons (D:3)
  A worker ant (D:4)
  A hound zombie (D:3)
  A hound skeleton (D:3)
  Robin (D:2)
  8 adders
  3 gnolls
  An ooze (D:3)
  2 adder zombies (D:3)
  3 adder skeletons (D:3)
  2 worms
  3 leopard geckos
  2 ball pythons (D:2)
  8 bats
  2 giant cockroaches
  15 goblins
  6 hobgoblins
  6 jackals (D:3)
  5 frilled lizards
  A jackal skeleton (D:3)
  A jackal zombie (D:3)
  7 kobolds
  5 rats
87 creatures vanquished.

Vanquished Creatures (others)
  11 toadstools (D:2)
11 creatures vanquished.

Grand Total: 98 creatures vanquished

Notes
Turn   | Place    | Note
-------+----------+-------------------------------------------
     0 | D:1      | Lavandula the Halfling Enchanter began the quest for the
                  | Orb.
     0 | D:1      | Reached XP level 1. HP: 11/11 MP: 3/3
    68 | D:1      | Reached skill level 2 in Short Blades
    85 | D:1      | Reached XP level 2. HP: 2/17 MP: 2/4
   106 | D:1      | Learned a level 2 spell: Ensorcelled Hibernation
   432 | D:2      | Reached skill level 3 in Short Blades
   432 | D:2      | Reached XP level 3. HP: 10/21 MP: 2/5
   894 | D:2      | Reached skill level 4 in Short Blades
  1367 | D:2      | Reached XP level 4. HP: 24/27 MP: 6/6
  1454 | D:3      | Noticed Robin
  1606 | D:2      | Killed Robin
  1707 | D:3      | Reached skill level 5 in Short Blades
  1757 | D:3      | Reached XP level 5. HP: 26/31 MP: 7/7
  1920 | D:2      | Learned a level 3 spell: Confuse
  2023 | D:3      | Reached skill level 6 in Short Blades
  2368 | D:3      | Reached XP level 6. HP: 36/36 MP: 8/8
  2391 | D:3      | Reached skill level 7 in Short Blades
  3026 | D:4      | Noticed a hornet
  3030 | D:4      | Paralysed by a hornet for 1 turns
  3033 | D:4      | Paralysed by a hornet for 3 turns
  3036 | D:4      | Slain by a hornet

Vault maps used:
D:1:      dpeg_arrival_orchard, minmay_misc_feat_room
D:2:      cheibrodos_fertilizer
D:3:      first_ration, serial_undead, serial_undead_b, serial_undead_a,
          serial_undead_b, serial_undead_b, serial_undead_f, serial_undead_f,
          uniq_robin
D:4:      overflow_temple_1_default, gammafunk_ghost_nasty_kobolds,
          uniq_crazy_yiuf_cottage

Skill      XL: |  1  2  3  4  5  6 |
---------------+-------------------+-----
Short Blades   | 2 3 4 5 6 7 |  7.9
Dodging        | |  2.1
Stealth        | |  3.2
Spellcasting   | |  1.5
Hexes          | |  2.4

Action                   |  1- 3 |  4- 6 || total
-------------------------+-------+-------++-------
Melee: Dagger            |    78 |   279 ||   357
 Fire: Hunting sling     |     1 |       ||     1
 Cast: Corona            |     8 |     2 ||    10
       Ensorcelled Hiber |    11 |    27 ||    38
       Confuse           |       |     1 ||     1
  Use: Potion            |     3 |     1 ||     4
       Scroll            |       |     6 ||     6
 Stab: Sleeping          |     8 |    17 ||    25
       Distracted        |       |     2 ||     2
  Eat: Chunk             |     3 |     5 ||     8
       Ration            |       |     1 ||     1
Armor: Robe              |    12 |     4 ||    16
       Animal skin       |       |    41 ||    41
Dodge: Dodged            |    57 |   165 ||   222

Table legend:
 A = Non-vault XP
 B = Vault XP
 C = Vault XP percentage of total XP
 D = Non-vault monster count
 E = Vault monster count
 F = Vault count percentage of total count
                 A         B        C        D         E       F
            +---------+---------+-------+---------+---------+-------
      Total |     328 |     177 |  35.0 |      64 |      23 |  26.4
            +---------+---------+-------+---------+---------+-------
        D:1 |      20 |       0 |   0.0 |      12 |       0 |   0.0
        D:2 |      87 |      18 |  17.1 |      22 |       3 |  12.0
        D:3 |     154 |     159 |  50.8 |      26 |      20 |  43.5
        D:4 |      67 |       0 |   0.0 |       4 |       0 |   0.0
            +---------+---------+-------+---------+---------+-------
